 Dungeon Crawl Stone Soup version 0.27.0-1-g7a089689b8 (webtiles) character file.

Game seed: 3627812662783591451

3735 dolemite99 the Cleaver (level 9, -1/74 HPs)
             Began as a Deep Dwarf Fighter on Aug 13, 2021.
             Was an Initiate of Makhleb.
             Shot with an arrow by a centaur warrior (13 damage)
             ... on level 8 of the Dungeon.
             The game lasted 00:12:40 (6352 turns).

dolemite99 the Cleaver (Deep Dwarf Fighter)         Turns: 6352, Time: 00:12:41

Health: -1/74      AC: 14    Str: 29    XL:     9   Next: 93%
Magic:  5/5        EV: 10    Int:  8    God:    Makhleb [......]
Gold:   331        SH: 10    Dex: 10    Spells: 8/8 levels left

rFire    . . .     SeeInvis .   a - +4 war axe "Deoturocs" {vamp, rPois rCorr Str+5 Dex-2}
rCold    . . .     Faith    .   c - +0 kite shield
rNeg     . . .     Spirit   .   v - +0 chain mail
rPois    +         Reflect  .   x - +1 helmet
rElec    .         Harm     .   f - +1 cloak
rCorr    +         Rampage  .   (no gloves)
Will     +....                  q - +0 pair of boots
Stlth    ..........             h - amulet of magic regeneration
HPRegen  0.00/turn              n - +4 ring of evasion
MPRegen  0.34/turn              (no ring)

@: studying Short Blades
A: damage resistance, heal wounds, sense surroundings 2, no regeneration
a: Heal Wounds, Renounce Religion


You were on level 8 of the Dungeon.
You worshipped Makhleb.
Makhleb was noncommittal.
You visited 2 branches of the dungeon, and saw 9 of its levels.

You collected 440 gold pieces.
You spent 109 gold pieces at shops.

Inventory:

Hand Weapons
 a - the +4 war axe "Deoturocs" (weapon) {vamp, rPois rCorr Str+5 Dex-2}
   (You found it on level 5 of the Dungeon)

   It occasionally heals its wielder for a portion of the damage dealt when it
   wounds a living foe.
   Str:       It affects your strength (+5).
   Dex:       It affects your dexterity (-2).
   rPois:     It protects you from poison.
   rCorr:     It protects you from acid and corrosion.
 b - a +1 hand axe of electrocution
 k - a +2 short sword of speed
 y - a +0 broad axe
 z - a +1 war axe
 E - a +1 battleaxe of venom
 F - a +0 hunting sling
Missiles
 e - 36 arrows
 g - 357 stones
 j - 25 poisoned darts (quivered)
 l - 83 bolts
 s - 17 atropa-tipped darts
 u - 13 sling bullets
Armour
 c - a +0 kite shield (worn)
 f - a +1 cloak (worn)
 m - a +0 scale mail
 q - a +0 pair of boots (worn)
 r - a +0 kite shield
 v - a +0 chain mail (worn)
 x - a +1 helmet (worn)
Magical Staves
 w - a staff of fire
Jewellery
 h - an amulet of magic regeneration (around neck)
 n - a +4 ring of evasion (left hand)
 A - a ring of wizardry
Wands
 d - a wand of polymorph (10)
 C - a wand of flame (12)
 G - a wand of acid (7)
Scrolls
 B - 4 scrolls of identify {@r1}
Potions
 i - 2 potions of attraction
 o - 2 potions of brilliance {unknown}
 p - 5 potions of curing
 t - a potion of lignification {unknown}


   Skills:
 + Level 2.6 Fighting
 - Level 14.9 Axes
 - Level 3.2 Armour
 - Level 3.2 Shields


You had 8 spell levels left.
You didn't know any spells.
Your spell library contained the following spells:

 Spells                   Type           Power      Damage    Failure   Level
 Animate Skeleton         Necr           0%         N/A       100%        1
 Corona                   Hex            0%         N/A       100%        1
 Pain                     Necr           0%         1d4       100%        1
 Summon Small Mammal      Summ           0%         N/A       100%        1
 Ensorcelled Hibernation  Hex/Ice        0%         N/A       100%        2
 Slow                     Hex            0%         N/A       100%        2
 Call Canine Familiar     Summ           0%         N/A       100%        3
 Confusing Touch          Hex            0%         N/A       100%        3
 Inner Flame              Hex/Fire       0%         N/A       100%        3
 Summon Guardian Golem    Hex/Summ       0%         N/A       100%        3
 Tukima's Dance           Hex            0%         N/A       100%        3
 Vampiric Draining        Necr           0%         2d6       100%        3
 Cause Fear               Hex            0%         N/A       100%        4
 Discord                  Hex            0%         N/A       100%        8


Dungeon Overview and Level Annotations

Branches:
Dungeon (8/15)             Temple (1/1) D:6
   Lair: D:8-11

Altars:
Ashenzari
Cheibriados
Dithmenos
Elyvilon
Gozag
Hepliaklqana
Makhleb
Nemelex Xobeh
Okawaru
Qazlal
Ru
Sif Muna
Trog
Uskayaw
Vehumet
Wu Jian
Xom
Yredelemnul
Zin
The Shining One

Shops:
D:3 *   D:4 (

Annotations:
D:1 exclusion: downstairs
D:2 Sigmund


Innate Abilities, Weirdness & Mutations

You are resistant to damage.
You can heal yourself by infusing magical energy.
You passively map the area around you.
You do not regenerate.


Message History

You closely miss the hornet.
The hornet is moderately wounded.
The hornet stings you.
The hornet stings you but does no damage.
You slash the hornet!
You feel better.
The hornet is almost dead.
The hornet misses you.
You barely miss the hornet.
The hornet is almost dead.
You block the hornet's attack. x2
You miss the hornet.
The hornet is almost dead.
The hornet misses you.
You hit the hornet but do no damage.
The hornet is almost dead.
You block the hornet's attack. The hornet stings you.
You miss the hornet.
The hornet is almost dead.
The hornet completely misses you.
You hit the hornet.
The hornet is almost dead.
You block the hornet's attack. The hornet stings you!
You hit the hornet.
You feel better.
You kill the hornet!
Makhleb accepts your kill.
j - 25 poisoned darts (gained 2)
Things that are here:
a hornet corpse; a sky beast corpse You start waiting.
A centaur warrior is nearby!
Okay, then.
Okay, then.
The centaur warrior shouts!
The centaur warrior wields a +0 shortbow.
The centaur warrior shoots an arrow.
The arrow hits you!!
* * * LOW HITPOINT WARNING * * *
The centaur warrior shoots an arrow.
The arrow hits you!
* * * LOW HITPOINT WARNING * * *
The centaur warrior shoots an arrow.
The arrow hits you!
You die...

,###...(###§.#.###,
, *,*
#.##.#<)§.#...
#.##.####.#*### *
..##.., .>.., ,* **
...##### #####
,[..# * ....#
######### ,....#
#......># , ,
##....@..# ,, ,
..........#
...c....†.# *** *
......##### * *,
...... , ...... ,
..... * *, ..... *


You could see a centaur warrior.

Vanquished Creatures
  Erica (D:8)
  Harold (D:7)
  A hornet (D:8)
  A steam dragon (D:8)
  2 ice beasts
  2 sky beasts
  2 necrophages
  3 ogres
  2 phantoms (D:5)
  A centaur (D:6)
  A gnoll sergeant (D:7)
  A wyvern skeleton (D:7)
  A water moccasin skeleton (D:4)
  4 centaur zombies
  A hound (D:7)
  2 bullfrog zombies
  2 jellies (D:6)
  4 orc priests (D:7)
  A bullfrog skeleton (D:6)
  A gnoll shaman (D:4)
  Jessica (D:3)
  3 iguanas
  3 orc wizards
  Robin (D:3)
  7 gnolls
  7 adders
  A shadow imp (D:5)
  An ufetubus (D:6)
  2 worms
  A dart slug (D:2)
  10 orcs
  8 endoplasms
  2 giant cockroaches
  27 goblins
  12 hobgoblins
  7 jackals
  7 kobolds
  3 quokkas
  4 ball pythons
  9 bats
  4 frilled lizards
  5 rats
159 creatures vanquished.

Vanquished Creatures (others)
  4 toadstools (D:1)
  A withered plant (D:1)
5 creatures vanquished.

Grand Total: 164 creatures vanquished

Notes
Turn   | Place    | Note
-------+----------+-------------------------------------------
     0 | D:1      | dolemite99 the Deep Dwarf Fighter began the quest for the
                  | Orb.
     0 | D:1      | Reached XP level 1. HP: 20/20 MP: 1/1
    75 | D:1      | Reached skill level 3 in Axes
   104 | D:1      | Reached XP level 2. HP: 27/27 MP: 2/2
   337 | D:1      | Found a faded altar of an unknown god.
   381 | D:1      | Reached XP level 3. HP: 30/33 MP: 3/3
   620 | D:1      | Reached skill level 4 in Axes
   802 | D:2      | Noticed Sigmund
  1189 | D:2      | Reached XP level 4. HP: 38/40 MP: 3/3
  1309 | D:2      | Reached skill level 5 in Axes
  1557 | D:3      | Noticed Jessica
  1568 | D:3      | Killed Jessica
  1846 | D:3      | Reached XP level 5. HP: 31/46 MP: 4/4
  2237 | D:3      | Noticed Robin
  2269 | D:3      | Reached skill level 6 in Axes
  2301 | D:3      | Killed Robin
  2461 | D:3      | Found Veovue's Assorted Antiques.
  2464 | D:3      | Bought a scroll labelled LAEFRAI IKKU for 22 gold pieces
  2465 | D:3      | Bought 2 viscous brown potions for 39 gold pieces
  2933 | D:4      | Reached skill level 7 in Axes
  2933 | D:4      | Reached XP level 6. HP: 50/55 MP: 4/4
  3214 | D:4      | Reached skill level 8 in Axes
  3284 | D:4      | Found Ameagom's Weapon Shop.
  3400 | D:4      | Reached XP level 7. HP: 48/61 MP: 5/5
  3430 | D:4      | Bought a +0 broad axe for 48 gold pieces
  3704 | D:5      | Entered Level 5 of the Dungeon
  3757 | D:5      | Reached skill level 9 in Axes
  3832 | D:5      | Identified the +4 war axe "Deoturocs" {vamp, rPois rCorr
                  | Str+5 Dex-2}
  4028 | D:5      | Reached skill level 10 in Axes
  4041 | D:5      | Reached XP level 8. HP: 36/68 MP: 6/6
  4339 | D:6      | Reached skill level 11 in Axes
  4361 | D:6      | Found a staircase to the Ecumenical Temple.
  4432 | Temple   | Entered the Ecumenical Temple
  4608 | Temple   | Became a worshipper of Ru the Awakened
  4648 | D:6      | Found a hazy altar of Hepliaklqana.
  4858 | D:6      | Found a radiant altar of Vehumet.
  4982 | D:6      | Found a burning altar of Makhleb.
  4983 | D:6      | Found a shadowy altar of Dithmenos.
  4990 | D:6      | Fell from the grace of Ru
  4990 | D:6      | Became a worshipper of Makhleb the Destroyer
  5281 | D:7      | Reached skill level 12 in Axes
  5458 | D:7      | Noticed Harold
  5482 | D:7      | Killed Harold
  5483 | D:7      | Reached skill level 13 in Axes
  5483 | D:7      | Gained mutation: You passively map the area around you.
                  | [Deep Dwarf growth]
  5483 | D:7      | Reached XP level 9. HP: 32/74 MP: 7/7
  5986 | D:8      | Noticed Erica
  6020 | D:8      | Killed Erica
  6021 | D:8      | Reached skill level 14 in Axes
  6105 | D:8      | Noticed a catoblepas
  6147 | D:8      | Noticed a centaur warrior
  6352 | D:8      | Shot with an arrow by a centaur warrior

Illustrated notes

Levels and vault maps discovered:
D:1:      ldierk_walled_garden_2, layout_basic,
          ebering_ecumenical_altar_petrified, minmay_pentomino_r2
D:2:      layout_basic, uniq_sigmund
D:3:      layout_basic, serial_shops, nicolae_shop_behind_doors, uniq_jessica,
          uniq_robin
D:4:      minmay_spotlight, layout_loops_ring, serial_shops,
          nicolae_shop_window_shopping, minmay_ogre_servants
D:5:      layout_rooms
D:6:      layout_basic, mainiacjoe_overflow_alcove_1, vehumet_altar_wand_db,
          minitemple, temple_fountains, minmay_manual_monstrance
D:7:      layout_basic, hangedman_decor_clover_reticule, uniq_harold
D:8:      layout_basic, chequers_serial_rivers_micro_e, minmay_starry_boxes,
          uniq_erica
Temple:   eino_temple_rhombus

Skill      XL: |  1  2  3  4  5  6  7  8  9 |
---------------+----------------------------+-----
Axes           | 3 4 5 7 8 10 13 14 | 14.9
Fighting       | |  2.6
Armour         | |  3.2
Shields        | |  3.2

Action                   |  1- 3 |  4- 6 |  7- 9 || total
-------------------------+-------+-------+-------++-------
Melee: War axe           |   117 |   136 |   179 ||   432
 Fire: Hunting sling     |       |    57 |    45 ||   102
Throw: Dart              |       |       |    11 ||    11
 Abil: Heal Wounds       |     1 |     2 |    11 ||    14
  Use: Scroll            |       |     7 |     6 ||    13
       Potion            |       |     1 |       ||     1
 Stab: Petrified         |       |       |     3 ||     3
Armor: Scale mail        |    58 |    15 |       ||    73
       Chain mail        |       |    45 |    88 ||   133
Dodge: Dodged            |    50 |    69 |    74 ||   193
Block: Kite shield       |    75 |    90 |    96 ||   261
